Map: Blackpink LE

Players

SamuraiFunn - Winner!

  • Race: Protoss Protoss
  • League: Platinum
  • Spawn Location: 7:00

A.I. 1 (Harder)

  • Race: Terran Terran
  • Spawn Location: 1:00

VOD

Have the link to the VOD?

Description

Time

  • Played on: Nov. 30, 2017, 9:57 p.m.
  • Length: 13:55
Show
View Real Time Build Order
Export as new Build Order

SamuraiFunn Protoss - Winner!

Build Orders:  

Get SALT Encoding   

  12  0:01  Probe  
  13  0:13  Probe  
  14  0:21  Pylon  
  14  0:25  Probe  
  15  0:39  Probe  
  16  0:47  Gateway  
  16  0:51  Probe  
  17  0:58  Assimilator  
  17  1:03  Probe  
  18  1:11  Pylon  
  18  1:15  Probe  
  19  1:27  Probe  
  20  1:40  Cybernetics Core, Zealot (Chrono Boost)  
  20  1:46  Probe  
  23  1:58  Probe, Assimilator  
  24  2:02  Gateway, Zealot  
  26  2:10  Probe  
  27  2:22  Probe  
  28  2:31  Nexus  
  28  2:40  Warp Gate (Chrono Boost)  
  28  2:45  Probe, Pylon  
  29  3:01  Probe  
  30  3:06  Assimilator  
  30  3:08  Stalker  
  32  3:13  Stalker  
  32  3:18  Probe  
  35  3:23  Pylon  
  35  3:30  Probe  
  36  3:47  Probe x2  
  38  3:49  Robotics Facility  
  38  3:59  Probe x2  
  40  4:11  Probe x2  
  40  4:13  Gateway  
  42  4:23  Probe x2  
  44  4:24  Assimilator  
  44  4:35  Probe x2  
  44  4:36  Stalker  
  44  4:37  Stalker  
  50  4:49  Pylon  
  50  4:53  Probe x2  
  50  4:56  Observer  
  53  5:05  Probe x2  
  55  5:15  Robotics Facility  
  55  5:16  Stalker x3  
  55  5:17  Probe x2, Observer  
  64  5:40  Nexus  
  64  5:42  Pylon  
  64  5:46  Pylon  
  64  5:47  Probe x2  
  66  5:58  Stalker x2  
  66  6:00  Probe x2  
  72  6:06  Pylon  
  72  6:11  Pylon  
  72  6:12  Probe  
  72  6:13  Probe, Stalker  
  76  6:25  Observer  
  77  6:26  Immortal  
  81  6:34  Twilight Council  
  81  6:36  Gateway  
  81  6:39  Probe x2  
  83  6:44  Pylon  
  83  6:46  Pylon  
  69  7:04  Stalker x3  
  61  7:26  Immortal x2  
  69  7:30  Probe x3  
  72  7:37  Assimilator  
  72  7:39  Assimilator  
  72  7:42  Probe x3  
  75  7:48  Stalker x3  
  81  7:57  Gateway  
  81  7:58  Gateway  
  81  8:03  Probe x3  
  81  8:05  Immortal x2  
  92  8:13  Stalker  
  92  8:14  Stalker x2  
  92  8:15  Probe x3  
  92  8:19  Stalker  
  103  8:36  Nexus  
  103  8:39  Pylon  
  103  8:44  Immortal  
  103  8:46  Stalker x2  
  111  9:02  Probe x3  
  114  9:07  Stalker x2  
  114  9:08  Pylon  
  118  9:16  Immortal  
  122  9:28  Stalker x3  
  122  9:29  Stalker  
  122  9:30  Pylon  
  130  9:47  Stalker x2  
  130  9:50  Blink (Chrono Boost)  
  134  10:02  Forge x2  
  134  10:05  Forge  
  134  10:16  Immortal x2  
  134  10:20  Stalker x5  
  152  10:30  Stalker  
  154  10:36  Assimilator  
  154  10:40  Assimilator  
  154  10:47  Robotics Facility  
  154  10:49  Robotics Facility  
  154  10:52  Robotics Facility  
  154  10:55  Immortal x2  
  141  11:37  Immortal x2  
  149  11:42  Immortal x3  
  149  11:45  Stalker  
  163  11:58  Pylon  
  163  12:01  Pylon  
  163  12:05  Pylon  
  159  12:10  Pylon  
  138  12:30  Immortal x5  
  158  12:43  Stalker  
  158  12:44  Stalker x4  
  164  12:45  Stalker  
  168  12:58  Gateway  
  168  12:59  Gateway  
  168  13:01  Gateway  
  168  13:04  Gateway  
  168  13:05  Gateway  
  168  13:08  Gateway  
  168  13:15  Immortal  
  168  13:16  Immortal x4  
Show
View Real Time Build Order
Export as new Build Order

A.I. 1 (Harder) Terran 

Build Orders: MMM Bio 

Get SALT Encoding   

  12  0:00  SCV  
  13  0:13  SCV  
  14  0:19  Supply Depot  
  14  0:25  SCV  
  15  0:40  SCV  
  15  0:42  Barracks  
  16  0:51  Refinery  
  16  0:52  SCV  
  17  1:05  SCV  
  18  1:17  SCV  
  19  1:21  Supply Depot  
  19  1:29  SCV  
  19  1:30  Marine  
  21  1:41  Barracks, Orbital Command  
  21  1:49  Barracks Tech Lab  
  21  1:50  Refinery  
  21  2:07  Marine  
  22  2:09  Supply Depot  
  22  2:24  Marine  
  22  2:28  Marine  
  24  2:43  Marauder  
  26  2:45  Marine  
  26  2:48  Supply Depot  
  27  3:03  Marine  
  30  3:05  Marauder  
  30  3:16  Supply Depot  
  30  3:21  Marine  
  30  3:25  SCV  
  30  3:27  Marauder  
  34  3:38  SCV, Engineering Bay  
  34  3:39  Marine  
  36  3:47  Marine  
  37  3:50  SCV  
  38  3:57  Marine  
  38  4:02  SCV  
  40  4:06  Marauder  
  40  4:08  Supply Depot  
  42  4:14  SCV  
  43  4:26  SCV  
  43  4:27  Marauder  
  46  4:49  Marauder  
  48  5:10  Marauder  
  49  5:57  Barracks Tech Lab  
  49  5:58  Marine  
  49  5:59  Terran Infantry Weapons Level 1, Stimpack  
  49  6:00  Factory  
  50  6:04  Factory  
  50  6:06  Command Center, Missile Turret  
  50  6:07  Missile Turret  
  50  6:15  Combat Shields  
  50  6:16  Marine  
  50  6:17  Supply Depot  
  51  6:38  Bunker  
  51  6:45  Widow Mine  
  51  6:46  Supply Depot  
  53  6:49  Starport  
  53  6:52  Starport, Marine, Factory Tech Lab  
  51  6:59  Marine  
  44  7:10  Marine  
  40  7:15  Factory Tech Lab  
  40  7:16  Marine  
  40  7:18  Widow Mine  
  40  7:19  SCV x2  
  43  7:28  Marine, Starport Tech Lab x2, Refinery  
  44  7:31  SCV  
  44  7:34  SCV, Concussive Shells, Marine, Refinery  
  47  7:38  Siege Tank  
  47  7:43  SCV  
  51  7:46  SCV, Raven  
  51  7:47  Siege Tank  
  57  7:51  Marine  
  57  7:53  Terran Infantry Armor Level 1  
  57  7:55  SCV  
  57  7:58  SCV, Marauder  
  62  8:01  Raven  
  64  8:07  SCV  
  64  8:09  Marine  
  64  8:10  SCV  
  64  8:11  Siege Tank  
  70  8:15  Missile Turret  
  70  8:19  SCV, Marine  
  72  8:21  Missile Turret  
  72  8:22  SCV  
  73  8:27  Marine  
  73  8:31  SCV  
  75  8:34  SCV  
  75  8:36  Sensor Tower  
  76  8:43  SCV, Bunker  
  76  8:46  SCV  
  78  8:55  SCV  
  78  8:57  Armory  
  78  8:58  SCV  
  80  9:07  SCV  
  81  9:10  SCV, Barracks  
  82  9:20  SCV  
  82  9:58  Barracks Reactor  
  82  10:20  Medivac, Terran Infantry Weapons Level 2, Banshee  
  87  10:23  Factory, Marine  
  87  10:26  Supply Depot  
  88  10:29  Starport  
  88  10:33  Command Center  
  88  10:36  Terran Vehicle Weapons Level 1  
  88  10:44  Marine  
  88  10:47  Marine  
  90  10:50  Medivac, Marine  
  90  10:51  Supply Depot  
  90  10:53  Marine  
  91  11:01  Ghost Academy  
  91  11:02  Marine  
  91  11:03  Medivac  
  91  11:05  Marine  
  91  11:06  Starport Reactor  
  91  11:08  Factory Tech Lab, Marine  
  91  11:11  Marine  
  77  11:19  Banshee  
  77  11:20  Marine  
  77  11:23  Marine, Siege Tank  
  85  11:26  Marine  
  85  11:29  Marine  
  86  11:32  Raven  
  86  11:34  Fusion Core  
  86  11:38  Marine  
  88  11:40  Marine, Engineering Bay  
  88  11:43  Marine  
  88  11:46  Marine  
  91  11:50  Armory, Command Center  
  87  12:02  Raven, Marauder  
  87  12:06  Marine  
  74  12:18  Marine x2  
  74  12:21  Viking  
  64  12:24  Marine  
  64  12:26  Marine  
  57  12:36  Marine x2  
  46  12:42  Marine  
  36  12:44  Marine  
  36  12:45  Viking  
  27  12:51  Viking  
  6  13:35  SCV  
Tags
 
Composition
MMM Bio
League
Platinum
Matchup
PvT
Replay Pack
First 100 games
Spawn Locations
Cross Positions
Add a new tag
Caveats
  • Supply blocks, unpowered buildings, or Contaminate may cause inaccurate times.
  • Supply counts are checked every 10 seconds.